Philadelphia Flyers vs Pittsburgh Penguins
Created - Tuesday, September 5, 2023 at 08:26
Goals
|
| Philadelphia Flyers |
3 |
0 |
0 |
0 |
0 |
3 |
| Pittsburgh Penguins |
1 |
0 |
2 |
0 |
1 |
4 |
|
Shots
|
| Philadelphia Flyers |
15 |
4 |
4 |
1 |
3 |
24 |
| Pittsburgh Penguins |
12 |
18 |
13 |
6 |
3 |
49 |
|
1st period
1. Philadelphia Flyers , Jack McBain 2 (Max Pacioretty 4, Elias Lindholm 7) at 0:51
2. Philadelphia Flyers , Auston Matthews 6 (Matt Duchene 2, Justin Faulk 3) at 4:25 (PP)
3. Pittsburgh Penguins , Leon Draisaitl 3 (Mattias Ekholm 2) at 14:40
4. Philadelphia Flyers , Auston Matthews 7 (Matt Duchene 3, Max Pacioretty 5) at 18:00 (PP)
Penalties :
Tom Wilson (PIT) for Interference (Minor) at 3:30, Mitchell Marner (PIT) for Hooking (Minor) at 16:16
2nd period
No Goal
Penalties :
Ben Chiarot (PHI) for Interference (Minor) at 2:31, Ryan Suter (PIT) for Roughing (Minor) at 11:29
3rd period
5. Pittsburgh Penguins , Brian Dumoulin 1 (Anders Lee 5, Sam Reinhart 6) at 9:07 (PP)
6. Pittsburgh Penguins , Colton Sissons 2 (Gabriel Vilardi 5, Tom Wilson 6) at 10:11
Penalties :
Tom Wilson (PIT) for Holding (Minor) at 3:47, Auston Matthews (PHI) for Holding (Minor) at 8:29, Ben Chiarot (PHI) for Hooking (Minor) at 11:22, Lukas Sedlak (PHI) for Slashing (Minor) at 19:18
Overtime #1
No Goal
Penalties :
No Penalty
Shootout
Philadelphia Flyers, Auston Matthews - Stopped by Marc-Andre Fleury
Pittsburgh Penguins, Leon Draisaitl - Stopped by Connor Ingram
Philadelphia Flyers, Elias Lindholm - Stopped by Marc-Andre Fleury
Pittsburgh Penguins, Mitchell Marner - Stopped by Connor Ingram
Philadelphia Flyers, Bryan Rust - Shot Misses the Net
Pittsburgh Penguins, Sam Reinhart - Goal!
Penalties :
No Penalty
Goalie Stats
Connor Ingram (PHI), 46 saves from 49 shots - (0.939), OTL, 1-6-1, 65:00 minutes
Marc-Andre Fleury (PIT), 21 saves from 24 shots - (0.875), W, 5-4-3, 65:00 minutes
Players Stats for Philadelphia Flyers
Player Name G A P +/- PIM S H SB GA TA FO MP PP MP PK MP
------------------------------------------------------------------------------------
Artem Zub 0 0 0 -1 0 0 0 1 0 1 0/0 21:16 0:00 3:19
Auston Matthews 2 0 2 0 2 6 1 1 0 1 8/15 18:55 3:12 0:00
Ben Chiarot 0 0 0 0 4 3 3 0 0 0 0/0 19:29 0:00 1:17
Bryan Rust 0 0 0 0 0 2 0 0 0 1 1/1 14:38 3:25 2:40
Charles Hudon 0 0 0 0 0 1 0 0 0 1 1/4 8:31 0:00 0:00
Elias Lindholm 0 1 1 0 0 1 0 0 1 0 4/13 20:44 3:25 2:40
Jack McBain 1 0 1 -1 0 2 1 2 0 0 0/1 15:53 0:00 2:59
Jesper Fast 0 0 0 0 0 1 0 0 0 0 0/0 8:31 0:00 0:00
Justin Faulk 0 1 1 0 0 0 1 2 0 4 0/0 25:47 3:52 3:41
Lukas Sedlak 0 0 0 0 2 1 1 0 0 0 1/1 13:39 0:00 0:00
Matt Duchene 0 2 2 0 0 3 0 0 0 0 0/0 17:55 3:12 0:00
Matt Roy 0 0 0 0 0 0 1 0 0 1 0/0 22:02 2:45 3:34
Max Pacioretty 0 2 2 -1 0 1 2 0 1 0 1/1 17:14 3:12 0:00
Nathan Bastian 0 0 0 0 0 0 0 0 1 1 0/1 13:50 0:00 0:00
Nick Blankenburg 0 0 0 0 0 0 2 2 0 1 0/0 19:45 2:45 1:19
Oliver Ekman-Larsson 0 0 0 -1 0 1 3 4 0 1 0/0 21:43 3:52 0:00
Radek Faksa 0 0 0 -1 0 0 2 0 1 1 9/20 16:12 0:00 3:33
Vladimir Tarasenko 0 0 0 0 0 2 1 0 0 0 1/2 17:17 3:25 0:00
Players Stats for Pittsburgh Penguins
Player Name G A P +/- PIM S H SB GA TA FO MP PP MP PK MP
------------------------------------------------------------------------------------
Anders Lee 0 1 1 -1 0 2 2 0 0 0 0/0 14:31 3:04 0:00
Brian Dumoulin 1 0 1 -1 0 3 0 1 0 0 0/0 22:31 2:27 2:53
Colton Sissons 1 0 1 1 0 4 0 0 0 0 3/5 12:34 0:00 3:43
Erik Gudbranson 0 0 0 1 0 2 0 0 0 0 0/0 19:38 0:20 3:44
Erik Karlsson 0 0 0 1 0 0 0 0 0 0 0/0 23:26 2:50 0:00
Gabriel Vilardi 0 1 1 1 0 4 0 0 0 0 0/1 10:04 0:18 0:00
J.J. Moser 0 0 0 1 0 5 0 0 0 0 0/0 18:50 0:00 3:44
Jean-Gabriel Pageau 0 0 0 1 0 3 1 1 1 0 6/16 20:03 2:42 3:43
Jordan Eberle 0 0 0 -1 0 2 0 0 0 0 0/0 11:21 0:00 0:00
Leon Draisaitl 1 0 1 1 0 5 2 1 5 1 7/10 21:08 2:13 2:54
Mattias Ekholm 0 1 1 1 0 0 1 0 0 0 0/0 24:54 2:27 2:53
Mitchell Marner 0 0 0 1 2 7 1 0 0 0 1/2 18:36 2:13 0:00
Pavel Buchnevich 0 0 0 0 0 2 0 0 4 1 0/0 17:57 1:49 0:05
Phillip Danault 0 0 0 0 0 1 1 0 1 0 10/14 16:59 0:00 2:49
Ryan Johansen 0 0 0 -1 0 2 4 0 1 0 3/7 11:21 0:00 0:00
Ryan Suter 0 0 0 -1 2 0 1 0 0 1 0/0 20:55 2:30 0:00
Sam Reinhart 0 1 1 0 0 3 1 0 1 1 3/4 18:02 2:37 0:00
Tom Wilson 0 1 1 1 4 4 3 0 0 0 0/0 10:29 0:55 0:00
3 Stars
1 - Connor Ingram (PHI)
2 - Auston Matthews (PHI)
3 - Leon Draisaitl (PIT)
Power Play
Philadelphia Flyers - 2 on 4 Attempt(s) - 50.00%
Pittsburgh Penguins - 1 on 4 Attempt(s) - 25.00%
Penalty Kill
Philadelphia Flyers - 3 on 4 Attempt(s) - 75.00%
- Score 0 goal in Penalty Kill
Pittsburgh Penguins - 2 on 4 Attempt(s) - 50.00%
- Score 0 goal in Penalty Kill
Team Stat
Philadelphia Flyers - Hits : 18 - Faceoff Wins : 26 - Blocked Shots : 12 - Penalty Minutes : 8
Pittsburgh Penguins - Hits : 17 - Faceoff Wins : 33 - Blocked Shots : 3 - Penalty Minutes : 8
Official
Referees : Wes McCauley and Dave Jackson
Linesman : Vaughan Rody and Jonny Murray
Game Notes
No Game Note
Finance
Level 1 -- Attendance: 4856 (80.93%) -- Ticket Income $485,600
Level 2 -- Attendance: 3728 (74.56%) -- Ticket Income $223,680
Level 3 -- Attendance: 2078 (69.27%) -- Ticket Income $72,730
Level 4 -- Attendance: 3557 (71.14%) -- Ticket Income $88,925
Luxury Box -- Attendance: 735 (73.50%) -- Ticket Income $147,000
Game was played at the Consol Energy Center.
Total Attendance: 14954 (74.77%)
Total Ticket Income: $1,017,935
Other Income: $356,277
Total Income: $1,374,212
Philadelphia Flyers
5 vs 5 Forward
Center Left Wing Right Wing Time % Phy DF OF
1 Auston Matthews Vladimir Tarasenko Nathan Bastian 32 1 1 3
2 Elias Lindholm Matt Duchene Lukas Sedlak 32 1 3 1
3 Radek Faksa Max Pacioretty Jack McBain 31 2 2 1
4 Charles Hudon Bryan Rust Jesper Fast 5 1 2 2
5 vs 5 Defense
Defense Defense Time % Phy DF OF
1 Justin Faulk Ben Chiarot 35 1 2 2
2 Oliver Ekman-Larsson Artem Zub 35 1 2 2
3 Nick Blankenburg Matt Roy 30 1 2 2
4 Justin Faulk Ben Chiarot 0 1 2 2
PowerPlay Forward
Center Left Wing Right Wing Time % Phy DF OF
1 Auston Matthews Max Pacioretty Matt Duchene 50 0 1 4
2 Elias Lindholm Vladimir Tarasenko Bryan Rust 50 0 1 4
PowerPlay Defense
Defense Defense Time % Phy DF OF
1 Justin Faulk Oliver Ekman-Larsson 50 0 2 3
2 Nick Blankenburg Matt Roy 50 0 2 3
Penalty Kill 4 Players Forward
Center Wing Time % Phy DF OF
1 Radek Faksa Jack McBain 50 1 3 1
2 Elias Lindholm Bryan Rust 50 1 3 1
Penalty Kill 4 Players Defense
Defense Defense Time % Phy DF OF
1 Justin Faulk Ben Chiarot 50 1 4 0
2 Artem Zub Matt Roy 50 1 4 0
Penalty Kill - 3 Players Forward
Forward Time % Phy DF OF
1 Radek Faksa 50 0 4 1
2 Jack McBain 50 0 4 1
Penalty Kill - 3 Players Defense
Defense Defense Time % Phy DF OF
1 Justin Faulk Ben Chiarot 50 0 5 0
2 Artem Zub Matt Roy 50 0 5 0
4 vs 4 Forward
Center Wing Time % Phy DF OF
1 Auston Matthews Matt Duchene 50 1 1 3
2 Elias Lindholm Max Pacioretty 50 1 2 2
4 vs 4 Defense
Defense Defense Time % Phy DF OF
1 Justin Faulk Ben Chiarot 50 1 2 2
2 Oliver Ekman-Larsson Artem Zub 50 1 2 2
Last Minutes Offensive
Center Left Wing Right Wing Defense Defense
Auston Matthews Max Pacioretty Matt Duchene Justin Faulk Oliver Ekman-Larsson
Last Minutes Defensive
Center Left Wing Right Wing Defense Defense
Elias Lindholm Radek Faksa Jack McBain Ben Chiarot Matt Roy
Goaltenders
Starting : Connor Ingram
Backup : Jake Allen
Extra Forwards
Normal : Auston Matthews, Elias Lindholm, Matt Duchene - PP : Auston Matthews, Elias Lindholm - PK : Elias Lindholm
Extra Defensemen
Normal : Justin Faulk, Oliver Ekman-Larsson, Nick Blankenburg - PP : Justin Faulk - PK : Ben Chiarot, Matt Roy
Penalty Shots
Auston Matthews, Elias Lindholm, Bryan Rust, Matt Duchene, Vladimir Tarasenko
Pittsburgh Penguins
5 vs 5 Forward
Center Left Wing Right Wing Time % Phy DF OF
1 Jean-Gabriel Pageau Leon Draisaitl Mitchell Marner 30 1 2 2
2 Phillip Danault Pavel Buchnevich Sam Reinhart 30 1 2 2
3 Ryan Johansen Anders Lee Jordan Eberle 25 1 2 2
4 Colton Sissons Gabriel Vilardi Tom Wilson 15 1 2 2
5 vs 5 Defense
Defense Defense Time % Phy DF OF
1 Erik Karlsson Mattias Ekholm 30 1 2 2
2 Ryan Suter Brian Dumoulin 30 1 2 2
3 Erik Gudbranson J.J. Moser 30 1 2 2
4 Erik Karlsson Mattias Ekholm 10 1 2 2
PowerPlay Forward
Center Left Wing Right Wing Time % Phy DF OF
1 Leon Draisaitl Pavel Buchnevich Mitchell Marner 50 0 2 3
2 Jean-Gabriel Pageau Anders Lee Sam Reinhart 50 1 2 2
PowerPlay Defense
Defense Defense Time % Phy DF OF
1 Erik Karlsson Ryan Suter 50 1 2 2
2 Mattias Ekholm Brian Dumoulin 50 1 2 2
Penalty Kill 4 Players Forward
Center Wing Time % Phy DF OF
1 Leon Draisaitl Phillip Danault 50 1 2 2
2 Jean-Gabriel Pageau Colton Sissons 50 1 2 2
Penalty Kill 4 Players Defense
Defense Defense Time % Phy DF OF
1 Mattias Ekholm Brian Dumoulin 50 1 2 2
2 Erik Gudbranson J.J. Moser 50 1 2 2
Penalty Kill - 3 Players Forward
Forward Time % Phy DF OF
1 Leon Draisaitl 50 1 2 2
2 Mitchell Marner 50 1 2 2
Penalty Kill - 3 Players Defense
Defense Defense Time % Phy DF OF
1 Erik Gudbranson J.J. Moser 50 1 2 2
2 Mattias Ekholm Brian Dumoulin 50 1 2 2
4 vs 4 Forward
Center Wing Time % Phy DF OF
1 Leon Draisaitl Mitchell Marner 50 1 2 2
2 Sam Reinhart Pavel Buchnevich 50 1 2 2
4 vs 4 Defense
Defense Defense Time % Phy DF OF
1 Erik Karlsson Ryan Suter 50 1 2 2
2 Mattias Ekholm Brian Dumoulin 50 1 2 2
Last Minutes Offensive
Center Left Wing Right Wing Defense Defense
Leon Draisaitl Pavel Buchnevich Mitchell Marner Erik Karlsson Mattias Ekholm
Last Minutes Defensive
Center Left Wing Right Wing Defense Defense
Leon Draisaitl Pavel Buchnevich Mitchell Marner Erik Karlsson Mattias Ekholm
Goaltenders
Starting : Marc-Andre Fleury
Backup : Akira Schmid
Extra Forwards
Normal : Tom Wilson, Gabriel Vilardi, Phillip Danault - PP : Tom Wilson, Gabriel Vilardi - PK : Phillip Danault
Extra Defensemen
Normal : Erik Gudbranson, J.J. Moser, Mattias Ekholm - PP : Erik Gudbranson - PK : J.J. Moser, Mattias Ekholm
Penalty Shots
Leon Draisaitl, Mitchell Marner, Sam Reinhart, Pavel Buchnevich, Jean-Gabriel Pageau
% Time on Ice - Philadelphia Flyers
Lines # - Real PCT - Wanted PCT - Time Play
Normal Forward
1 - 29% - 32% - 14:08
2 - 27% - 32% - 12:58
3 - 26% - 31% - 12:29
4 - 18% - 5% - 8:31
Normal Defense
1 - 35% - 35% - 16:43
2 - 36% - 35% - 17:07
3 - 30% - 30% - 14:16
4 - 0% - 0% - 0:00
PP Forward
1 - 48% - 50% - 3:12
2 - 52% - 50% - 3:25
PP Defense
1 - 58% - 50% - 3:52
2 - 42% - 50% - 2:45
PK Forward
1 - 50% - 50% - 2:37
2 - 50% - 50% - 2:40
PK Defense
1 - 74% - 50% - 3:54
2 - 26% - 50% - 1:23
PK3 Forward
1 - 72% - 50% - 0:56
2 - 28% - 50% - 0:22
PK3 Defense
1 - 37% - 50% - 0:29
2 - 63% - 50% - 0:49
44 Forward
1 - 52% - 50% - 1:56
2 - 48% - 50% - 1:46
44 Defense
1 - 50% - 50% - 1:51
2 - 50% - 50% - 1:51
Last Minute Offensive - 0:00
Last Minute Defensive - 0:00
Total
Forward - 65:00
Defense - 65:00
|
% Time on Ice - Pittsburgh Penguins
Lines # - Real PCT - Wanted PCT - Time Play
Normal Forward
1 - 29% - 30% - 13:49
2 - 30% - 30% - 14:25
3 - 24% - 25% - 11:21
4 - 18% - 15% - 8:31
Normal Defense
1 - 31% - 30% - 14:41
2 - 31% - 30% - 14:55
3 - 30% - 30% - 14:37
4 - 8% - 10% - 3:53
PP Forward
1 - 42% - 50% - 2:13
2 - 58% - 50% - 3:04
PP Defense
1 - 54% - 50% - 2:50
2 - 46% - 50% - 2:27
PK Forward
1 - 44% - 50% - 2:54
2 - 56% - 50% - 3:43
PK Defense
1 - 44% - 50% - 2:53
2 - 56% - 50% - 3:44
PK3 Forward
1 - 0% - 50%
2 - 0% - 50%
PK3 Defense
1 - 0% - 50%
2 - 0% - 50%
44 Forward
1 - 49% - 50% - 2:28
2 - 51% - 50% - 2:32
44 Defense
1 - 62% - 50% - 3:06
2 - 38% - 50% - 1:54
Last Minute Offensive - 0:00
Last Minute Defensive - 0:00
Total
Forward - 65:00
Defense - 65:00
|
Play-by-Play
1st period
0:01 of 1st period - Auston Matthews wins face-off versus Jean-Gabriel Pageau in neutral zone.
0:27 of 1st period - Pavel Buchnevich is hit by Lukas Sedlak.
0:49 of 1st period - Wrist shot by Max Pacioretty.
0:49 of 1st period - Shot Blocked by Brian Dumoulin.
0:51 of 1st period - Wrist shot by Jack McBain.
0:51 of 1st period - Goal by Jack McBain - Philadelphia Flyers : 1 - Pittsburgh Penguins : 0.
0:52 of 1st period - Colton Sissons wins face-off versus Radek Faksa in neutral zone.
0:56 of 1st period - Slapshot by Erik Gudbranson.
0:56 of 1st period - Stopped by Connor Ingram without a rebound.
0:57 of 1st period - Colton Sissons wins face-off versus Radek Faksa in Philadelphia Flyers zone.
1:05 of 1st period - Off-side.
1:06 of 1st period - Ryan Johansen wins face-off versus Charles Hudon in neutral zone.
1:14 of 1st period - Snap shot by Bryan Rust.
1:14 of 1st period - Deflect By Jesper Fast.
1:14 of 1st period - Stopped by Marc-Andre Fleury without a rebound.
1:15 of 1st period - Bryan Rust wins face-off versus Ryan Johansen in Pittsburgh Penguins zone.
1:28 of 1st period - Snap shot by Ryan Johansen.
1:28 of 1st period - Shot Blocked by Nick Blankenburg.
1:45 of 1st period - Snap shot by Bryan Rust.
1:45 of 1st period - Shot Misses the Net.
2:21 of 1st period - Slapshot by Jesper Fast.
2:21 of 1st period - Shot Misses the Net.
2:25 of 1st period - Snap shot by Bryan Rust.
2:25 of 1st period - Stopped by Marc-Andre Fleury without a rebound.
2:26 of 1st period - Radek Faksa wins face-off versus Jean-Gabriel Pageau in Pittsburgh Penguins zone.
3:21 of 1st period - Snap shot by Elias Lindholm.
3:21 of 1st period - Deflect By Brian Dumoulin.
3:21 of 1st period - Stopped by Marc-Andre Fleury with a rebound.
3:30 of 1st period - Minor Penalty to Tom Wilson for Interference.
3:31 of 1st period - Leon Draisaitl wins face-off versus Auston Matthews in Pittsburgh Penguins zone.
4:25 of 1st period - Wrist shot by Auston Matthews.
4:25 of 1st period - Goal by Auston Matthews - Philadelphia Flyers : 2 - Pittsburgh Penguins : 0.
4:26 of 1st period - Auston Matthews wins face-off versus Phillip Danault in neutral zone.
4:31 of 1st period - Wrist shot by Auston Matthews.
4:31 of 1st period - Stopped by Marc-Andre Fleury with a rebound.
4:53 of 1st period - Mattias Ekholm is hit by Ben Chiarot and loses puck.
5:17 of 1st period - Wrist shot by Gabriel Vilardi.
5:17 of 1st period - Stopped by Connor Ingram with a rebound.
5:19 of 1st period - Slapshot by Colton Sissons.
5:19 of 1st period - Stopped by Connor Ingram with a rebound.
5:23 of 1st period - Wrist shot by Tom Wilson.
5:23 of 1st period - Stopped by Connor Ingram with a rebound.
5:45 of 1st period - Snap shot by Charles Hudon.
5:45 of 1st period - Shot Misses the Net.
5:47 of 1st period - Slapshot by Oliver Ekman-Larsson.
5:47 of 1st period - Stopped by Marc-Andre Fleury without a rebound.
5:48 of 1st period - Lukas Sedlak wins face-off versus Leon Draisaitl in Pittsburgh Penguins zone.
5:53 of 1st period - Snap shot by Matt Duchene.
5:53 of 1st period - Stopped by Marc-Andre Fleury without a rebound.
5:54 of 1st period - Leon Draisaitl wins face-off versus Elias Lindholm in Pittsburgh Penguins zone.
6:05 of 1st period - Matt Roy is hit by Jean-Gabriel Pageau.
6:28 of 1st period - Wrist shot by Pavel Buchnevich.
6:28 of 1st period - Deflect By Phillip Danault.
6:28 of 1st period - Shot Blocked by Nick Blankenburg.
6:28 of 1st period - Puck is out of play.
6:29 of 1st period - Phillip Danault wins face-off versus Radek Faksa in Philadelphia Flyers zone.
6:36 of 1st period - Snap shot by Max Pacioretty.
6:36 of 1st period - Shot Misses the Net.
6:38 of 1st period - Snap shot by Ben Chiarot.
6:38 of 1st period - Stopped by Marc-Andre Fleury without a rebound.
6:39 of 1st period - Radek Faksa wins face-off versus Phillip Danault in Pittsburgh Penguins zone.
6:52 of 1st period - Snap shot by Max Pacioretty.
6:52 of 1st period - Shot Misses the Net.
6:54 of 1st period - Wrist shot by Jack McBain.
6:54 of 1st period - Shot Misses the Net.
6:56 of 1st period - Slapshot by Ben Chiarot.
6:56 of 1st period - Stopped by Marc-Andre Fleury without a rebound.
6:57 of 1st period - Auston Matthews wins face-off versus Jean-Gabriel Pageau in Pittsburgh Penguins zone.
7:32 of 1st period - Snap shot by Anders Lee.
7:32 of 1st period - Shot Misses the Net.
7:46 of 1st period - Ryan Suter is hit by Max Pacioretty and loses puck.
8:19 of 1st period - Ryan Suter is hit by Vladimir Tarasenko and loses puck.
8:40 of 1st period - Snap shot by Mitchell Marner.
8:40 of 1st period - Stopped by Connor Ingram with a rebound.
10:03 of 1st period - Wrist shot by Elias Lindholm.
10:03 of 1st period - Shot Blocked by Leon Draisaitl.
10:05 of 1st period - Snap shot by Lukas Sedlak.
10:05 of 1st period - Stopped by Marc-Andre Fleury with a rebound.
10:32 of 1st period - Anders Lee is hit by Oliver Ekman-Larsson and loses puck.
11:07 of 1st period - Leon Draisaitl is hit by Auston Matthews and loses puck.
12:12 of 1st period - Slapshot by Pavel Buchnevich.
12:12 of 1st period - Stopped by Connor Ingram without a rebound.
12:13 of 1st period - Auston Matthews wins face-off versus Mitchell Marner in Philadelphia Flyers zone.
13:04 of 1st period - Charles Hudon is hit by Ryan Johansen.
13:58 of 1st period - Icing by Gabriel Vilardi.
13:59 of 1st period - Auston Matthews wins face-off versus Colton Sissons in Pittsburgh Penguins zone.
14:00 of 1st period - Snap shot by Vladimir Tarasenko.
14:00 of 1st period - Shot Misses the Net.
14:12 of 1st period - Snap shot by Tom Wilson.
14:12 of 1st period - Shot Misses the Net.
14:14 of 1st period - Wrist shot by Tom Wilson.
14:14 of 1st period - Stopped by Connor Ingram with a rebound.
14:16 of 1st period - Snap shot by Colton Sissons.
14:16 of 1st period - Shot Misses the Net.
14:18 of 1st period - Snap shot by Brian Dumoulin.
14:18 of 1st period - Stopped by Connor Ingram with a rebound.
14:20 of 1st period - Wrist shot by Colton Sissons.
14:20 of 1st period - Shot Misses the Net.
14:22 of 1st period - Slapshot by Ryan Suter.
14:22 of 1st period - Deflect By Tom Wilson.
14:22 of 1st period - Shot Misses the Net.
14:22 of 1st period - Puck is out of play.
14:23 of 1st period - Radek Faksa wins face-off versus Jean-Gabriel Pageau in Philadelphia Flyers zone.
14:38 of 1st period - Wrist shot by Leon Draisaitl.
14:38 of 1st period - Shot Misses the Net.
14:40 of 1st period - Snap shot by Leon Draisaitl.
14:40 of 1st period - Deflect By Justin Faulk.
14:40 of 1st period - Goal by Leon Draisaitl - Philadelphia Flyers : 2 - Pittsburgh Penguins : 1.
14:41 of 1st period - Phillip Danault wins face-off versus Vladimir Tarasenko in neutral zone.
14:43 of 1st period - Off-side.
14:44 of 1st period - Phillip Danault wins face-off versus Nathan Bastian in neutral zone.
15:01 of 1st period - Slapshot by Pavel Buchnevich.
15:01 of 1st period - Shot Misses the Net.
15:46 of 1st period - Snap shot by Anders Lee.
15:46 of 1st period - Deflect By Bryan Rust.
15:46 of 1st period - Stopped by Connor Ingram without a rebound.
15:47 of 1st period - Radek Faksa wins face-off versus Phillip Danault in Philadelphia Flyers zone.
16:16 of 1st period - Minor Penalty to Mitchell Marner for Hooking.
16:17 of 1st period - Leon Draisaitl wins face-off versus Elias Lindholm in Pittsburgh Penguins zone.
16:27 of 1st period - Wrist shot by Phillip Danault.
16:27 of 1st period - Shot Blocked by Oliver Ekman-Larsson.
16:29 of 1st period - Backhand shot by Phillip Danault.
16:29 of 1st period - Shot Misses the Net.
16:31 of 1st period - Wrist shot by Phillip Danault.
16:31 of 1st period - Stopped by Connor Ingram with a rebound.
16:43 of 1st period - J.J. Moser is hit by Justin Faulk and loses puck.
16:52 of 1st period - Wrist shot by Elias Lindholm.
16:52 of 1st period - Shot Misses the Net.
17:00 of 1st period - Wrist shot by Elias Lindholm.
17:00 of 1st period - Shot Misses the Net.
17:02 of 1st period - Slapshot by Justin Faulk.
17:02 of 1st period - Shot Misses the Net.
17:04 of 1st period - Wrist shot by Bryan Rust.
17:04 of 1st period - Shot Blocked by Jean-Gabriel Pageau.
17:44 of 1st period - Snap shot by Vladimir Tarasenko.
17:44 of 1st period - Shot Misses the Net.
17:48 of 1st period - Slapshot by Elias Lindholm.
17:48 of 1st period - Deflect By Bryan Rust.
17:48 of 1st period - Stopped by Marc-Andre Fleury without a rebound.
17:49 of 1st period - Max Pacioretty wins face-off versus Leon Draisaitl in Pittsburgh Penguins zone.
18:00 of 1st period - Snap shot by Auston Matthews.
18:00 of 1st period - Goal by Auston Matthews - Philadelphia Flyers : 3 - Pittsburgh Penguins : 1.
18:01 of 1st period - Radek Faksa wins face-off versus Ryan Johansen in neutral zone.
18:12 of 1st period - Slapshot by Max Pacioretty.
18:12 of 1st period - Shot Misses the Net.
18:26 of 1st period - Pavel Buchnevich is hit by Nick Blankenburg and loses puck.
18:39 of 1st period - Backhand shot by Auston Matthews.
18:39 of 1st period - Stopped by Marc-Andre Fleury without a rebound.
18:40 of 1st period - Auston Matthews wins face-off versus Jean-Gabriel Pageau in Pittsburgh Penguins zone.
19:03 of 1st period - Snap shot by Ryan Johansen.
19:03 of 1st period - Stopped by Connor Ingram with a rebound.
19:23 of 1st period - Wrist shot by Charles Hudon.
19:23 of 1st period - Stopped by Marc-Andre Fleury without a rebound.
19:24 of 1st period - Phillip Danault wins face-off versus Charles Hudon in Pittsburgh Penguins zone.
Goals for this period are 3 for Philadelphia Flyers vs 1 for Pittsburgh Penguins.
Shots for this period are 15 for Philadelphia Flyers vs 12 for Pittsburgh Penguins.
2nd period
0:01 of 2nd period - Mitchell Marner wins face-off versus Auston Matthews in neutral zone.
1:31 of 2nd period - Snap shot by Mitchell Marner.
1:31 of 2nd period - Stopped by Connor Ingram without a rebound.
1:32 of 2nd period - Jean-Gabriel Pageau wins face-off versus Elias Lindholm in Philadelphia Flyers zone.
2:09 of 2nd period - Snap shot by Jean-Gabriel Pageau.
2:09 of 2nd period - Stopped by Connor Ingram without a rebound.
2:10 of 2nd period - Ryan Johansen wins face-off versus Elias Lindholm in Philadelphia Flyers zone.
2:15 of 2nd period - Wrist shot by Anders Lee.
2:15 of 2nd period - Shot Misses the Net.
2:17 of 2nd period - Slapshot by Erik Karlsson.
2:17 of 2nd period - Shot Misses the Net.
2:21 of 2nd period - Slapshot by Jordan Eberle.
2:21 of 2nd period - Stopped by Connor Ingram with a rebound.
2:23 of 2nd period - Snap shot by Mattias Ekholm.
2:23 of 2nd period - Shot Misses the Net.
2:31 of 2nd period - Minor Penalty to Ben Chiarot for Interference.
2:32 of 2nd period - Leon Draisaitl wins face-off versus Radek Faksa in Philadelphia Flyers zone.
3:08 of 2nd period - Slapshot by Sam Reinhart.
3:08 of 2nd period - Shot Misses the Net.
3:10 of 2nd period - Slapshot by Mattias Ekholm.
3:10 of 2nd period - Shot Blocked by Jack McBain.
4:19 of 2nd period - Icing by Brian Dumoulin.
4:20 of 2nd period - Jean-Gabriel Pageau wins face-off versus Radek Faksa in Pittsburgh Penguins zone.
4:31 of 2nd period - Penalty to Ben Chiarot is over, Ben Chiarot is back on ice.
5:19 of 2nd period - Snap shot by Gabriel Vilardi.
5:19 of 2nd period - Shot Misses the Net.
5:21 of 2nd period - Snap shot by J.J. Moser.
5:21 of 2nd period - Stopped by Connor Ingram with a rebound.
5:23 of 2nd period - Snap shot by J.J. Moser.
5:23 of 2nd period - Stopped by Connor Ingram with a rebound.
5:25 of 2nd period - Slapshot by J.J. Moser.
5:25 of 2nd period - Stopped by Connor Ingram with a rebound.
5:27 of 2nd period - Slapshot by Erik Gudbranson.
5:27 of 2nd period - Stopped by Connor Ingram with a rebound.
5:39 of 2nd period - Snap shot by Ryan Johansen.
5:39 of 2nd period - Stopped by Connor Ingram without a rebound.
5:40 of 2nd period - Vladimir Tarasenko wins face-off versus Ryan Johansen in Philadelphia Flyers zone.
5:57 of 2nd period - Nathan Bastian is hit by Ryan Johansen and loses puck.
6:06 of 2nd period - Vladimir Tarasenko is hit by Anders Lee and loses puck.
6:30 of 2nd period - Snap shot by Auston Matthews.
6:30 of 2nd period - Stopped by Marc-Andre Fleury without a rebound.
6:31 of 2nd period - Elias Lindholm wins face-off versus Colton Sissons in Pittsburgh Penguins zone.
6:32 of 2nd period - Slapshot by Matt Duchene.
6:32 of 2nd period - Stopped by Marc-Andre Fleury with a rebound.
7:13 of 2nd period - Snap shot by Matt Duchene.
7:13 of 2nd period - Stopped by Marc-Andre Fleury with a rebound.
8:14 of 2nd period - Wrist shot by Ryan Johansen.
8:14 of 2nd period - Shot Blocked by Auston Matthews.
9:06 of 2nd period - Wrist shot by Colton Sissons.
9:06 of 2nd period - Shot Blocked by Oliver Ekman-Larsson.
9:08 of 2nd period - Snap shot by Gabriel Vilardi.
9:08 of 2nd period - Stopped by Connor Ingram with a rebound.
9:10 of 2nd period - Wrist shot by Brian Dumoulin.
9:10 of 2nd period - Shot Blocked by Oliver Ekman-Larsson.
9:12 of 2nd period - Wrist shot by Tom Wilson.
9:12 of 2nd period - Stopped by Connor Ingram with a rebound.
9:14 of 2nd period - Snap shot by Brian Dumoulin.
9:14 of 2nd period - Deflect By Oliver Ekman-Larsson.
9:14 of 2nd period - Stopped by Connor Ingram without a rebound.
9:15 of 2nd period - Phillip Danault wins face-off versus Radek Faksa in Philadelphia Flyers zone.
9:19 of 2nd period - Icing by Justin Faulk.
9:20 of 2nd period - Phillip Danault wins face-off versus Radek Faksa in Philadelphia Flyers zone.
11:29 of 2nd period - Minor Penalty to Ryan Suter for Roughing.
11:30 of 2nd period - Auston Matthews wins face-off versus Leon Draisaitl in Pittsburgh Penguins zone.
13:07 of 2nd period - Icing by Auston Matthews.
13:08 of 2nd period - Auston Matthews wins face-off versus Jean-Gabriel Pageau in Philadelphia Flyers zone.
13:29 of 2nd period - Penalty to Ryan Suter is over, Ryan Suter is back on ice.
14:39 of 2nd period - Slapshot by J.J. Moser.
14:39 of 2nd period - Stopped by Connor Ingram without a rebound.
14:40 of 2nd period - Ryan Johansen wins face-off versus Auston Matthews in Philadelphia Flyers zone.
14:55 of 2nd period - Wrist shot by Anders Lee.
14:55 of 2nd period - Shot Misses the Net.
15:42 of 2nd period - Snap shot by Auston Matthews.
15:42 of 2nd period - Stopped by Marc-Andre Fleury without a rebound.
15:43 of 2nd period - Phillip Danault wins face-off versus Elias Lindholm in Pittsburgh Penguins zone.
15:58 of 2nd period - Slapshot by Pavel Buchnevich.
15:58 of 2nd period - Stopped by Connor Ingram with a rebound.
16:10 of 2nd period - Jordan Eberle is hit by Nick Blankenburg and loses puck.
16:37 of 2nd period - Wrist shot by Gabriel Vilardi.
16:37 of 2nd period - Shot Misses the Net.
16:39 of 2nd period - Wrist shot by Gabriel Vilardi.
16:39 of 2nd period - Stopped by Connor Ingram with a rebound.
16:41 of 2nd period - Slapshot by Erik Karlsson.
16:41 of 2nd period - Shot Misses the Net.
16:43 of 2nd period - Backhand shot by Gabriel Vilardi.
16:43 of 2nd period - Shot Hit the Post.
17:20 of 2nd period - Brian Dumoulin is hit by Matt Roy and loses puck.
17:43 of 2nd period - Snap shot by Sam Reinhart.
17:43 of 2nd period - Stopped by Connor Ingram with a rebound.
18:27 of 2nd period - Snap shot by Sam Reinhart.
18:27 of 2nd period - Stopped by Connor Ingram without a rebound.
18:28 of 2nd period - Radek Faksa wins face-off versus Jean-Gabriel Pageau in Philadelphia Flyers zone.
18:37 of 2nd period - Snap shot by Leon Draisaitl.
18:37 of 2nd period - Shot Misses the Net.
18:41 of 2nd period - Snap shot by Leon Draisaitl.
18:41 of 2nd period - Shot Misses the Net.
18:43 of 2nd period - Snap shot by Leon Draisaitl.
18:43 of 2nd period - Shot Blocked by Oliver Ekman-Larsson.
18:45 of 2nd period - Slapshot by Ryan Suter.
18:45 of 2nd period - Deflect By Mitchell Marner.
18:45 of 2nd period - Stopped by Connor Ingram with a rebound.
19:20 of 2nd period - Slapshot by Colton Sissons.
19:20 of 2nd period - Shot Misses the Net.
19:22 of 2nd period - Wrist shot by Colton Sissons.
19:22 of 2nd period - Stopped by Connor Ingram with a rebound.
19:49 of 2nd period - Wrist shot by Ryan Johansen.
19:49 of 2nd period - Shot Misses the Net.
Goals for this period are 0 for Philadelphia Flyers vs 0 for Pittsburgh Penguins.
Shots for this period are 4 for Philadelphia Flyers vs 18 for Pittsburgh Penguins.
3rd period
0:01 of 3rd period - Jean-Gabriel Pageau wins face-off versus Radek Faksa in neutral zone.
0:09 of 3rd period - Wrist shot by Leon Draisaitl.
0:09 of 3rd period - Shot Blocked by Jack McBain.
0:11 of 3rd period - Wrist shot by Jean-Gabriel Pageau.
0:11 of 3rd period - Stopped by Connor Ingram with a rebound.
0:13 of 3rd period - Snap shot by Brian Dumoulin.
0:13 of 3rd period - Deflect By Jean-Gabriel Pageau.
0:13 of 3rd period - Stopped by Connor Ingram without a rebound.
0:14 of 3rd period - Phillip Danault wins face-off versus Elias Lindholm in Philadelphia Flyers zone.
0:18 of 3rd period - Icing by Lukas Sedlak.
0:19 of 3rd period - Elias Lindholm wins face-off versus Phillip Danault in Philadelphia Flyers zone.
0:19 of 3rd period - Elias Lindholm is hit by Sam Reinhart.
1:25 of 3rd period - Matt Roy is hit by Ryan Suter and loses puck.
3:16 of 3rd period - Wrist shot by Tom Wilson.
3:16 of 3rd period - Stopped by Connor Ingram without a rebound.
3:17 of 3rd period - Colton Sissons wins face-off versus Radek Faksa in Philadelphia Flyers zone.
3:47 of 3rd period - Minor Penalty to Tom Wilson for Holding.
3:48 of 3rd period - Leon Draisaitl wins face-off versus Auston Matthews in Pittsburgh Penguins zone.
4:25 of 3rd period - Slapshot by Vladimir Tarasenko.
4:25 of 3rd period - Stopped by Marc-Andre Fleury with a rebound.
5:43 of 3rd period - Icing by Auston Matthews.
5:44 of 3rd period - Elias Lindholm wins face-off versus Jean-Gabriel Pageau in Philadelphia Flyers zone.
5:47 of 3rd period - Penalty to Tom Wilson is over, Tom Wilson is back on ice.
5:58 of 3rd period - Off-side.
5:59 of 3rd period - Radek Faksa wins face-off versus Ryan Johansen in neutral zone.
6:58 of 3rd period - Wrist shot by Leon Draisaitl.
6:58 of 3rd period - Stopped by Connor Ingram without a rebound.
6:59 of 3rd period - Jean-Gabriel Pageau wins face-off versus Charles Hudon in Philadelphia Flyers zone.
7:26 of 3rd period - Snap shot by Leon Draisaitl.
7:26 of 3rd period - Stopped by Connor Ingram without a rebound.
7:27 of 3rd period - Radek Faksa wins face-off versus Sam Reinhart in Philadelphia Flyers zone.
7:52 of 3rd period - Matt Duchene is hit by Mattias Ekholm and loses puck.
8:18 of 3rd period - Wrist shot by Vladimir Tarasenko.
8:18 of 3rd period - Stopped by Marc-Andre Fleury with a rebound.
8:29 of 3rd period - Minor Penalty to Auston Matthews for Holding.
8:30 of 3rd period - Elias Lindholm wins face-off versus Jean-Gabriel Pageau in Philadelphia Flyers zone.
8:53 of 3rd period - Icing by Sam Reinhart.
8:54 of 3rd period - Sam Reinhart wins face-off versus Elias Lindholm in Pittsburgh Penguins zone.
9:03 of 3rd period - Slapshot by Anders Lee.
9:03 of 3rd period - Shot Misses the Net.
9:05 of 3rd period - Snap shot by Anders Lee.
9:05 of 3rd period - Stopped by Connor Ingram with a rebound.
9:07 of 3rd period - Snap shot by Brian Dumoulin.
9:07 of 3rd period - Goal by Brian Dumoulin - Philadelphia Flyers : 3 - Pittsburgh Penguins : 2.
9:08 of 3rd period - Radek Faksa wins face-off versus Jean-Gabriel Pageau in neutral zone.
9:17 of 3rd period - Wrist shot by Max Pacioretty.
9:17 of 3rd period - Stopped by Marc-Andre Fleury with a rebound.
9:28 of 3rd period - Jack McBain is hit by Mitchell Marner and loses puck.
9:41 of 3rd period - Snap shot by Jordan Eberle.
9:41 of 3rd period - Stopped by Connor Ingram with a rebound.
10:01 of 3rd period - Wrist shot by Gabriel Vilardi.
10:01 of 3rd period - Shot Blocked by Artem Zub.
10:03 of 3rd period - Slapshot by J.J. Moser.
10:03 of 3rd period - Stopped by Connor Ingram with a rebound.
10:09 of 3rd period - Snap shot by Colton Sissons.
10:09 of 3rd period - Stopped by Connor Ingram with a rebound.
10:11 of 3rd period - Snap shot by Gabriel Vilardi.
10:11 of 3rd period - Deflect By Colton Sissons.
10:11 of 3rd period - Goal by Colton Sissons - Philadelphia Flyers : 3 - Pittsburgh Penguins : 3.
10:12 of 3rd period - Phillip Danault wins face-off versus Auston Matthews in neutral zone.
10:19 of 3rd period - Wrist shot by Sam Reinhart.
10:19 of 3rd period - Stopped by Connor Ingram without a rebound.
10:20 of 3rd period - Phillip Danault wins face-off versus Auston Matthews in Philadelphia Flyers zone.
11:22 of 3rd period - Minor Penalty to Ben Chiarot for Hooking.
11:23 of 3rd period - Leon Draisaitl wins face-off versus Jack McBain in Philadelphia Flyers zone.
11:53 of 3rd period - Snap shot by Jack McBain.
11:53 of 3rd period - Shot Hit the Post.
11:55 of 3rd period - Snap shot by Jack McBain.
11:55 of 3rd period - Stopped by Marc-Andre Fleury with a rebound.
13:22 of 3rd period - Penalty to Ben Chiarot is over, Ben Chiarot is back on ice.
13:41 of 3rd period - Jordan Eberle is hit by Oliver Ekman-Larsson and loses puck.
13:48 of 3rd period - Auston Matthews is hit by Ryan Johansen and loses puck.
14:28 of 3rd period - Nick Blankenburg is hit by Ryan Johansen and loses puck.
14:58 of 3rd period - Justin Faulk is hit by Tom Wilson and loses puck.
15:33 of 3rd period - Justin Faulk is hit by Leon Draisaitl and loses puck.
15:44 of 3rd period - Ben Chiarot is hit by Anders Lee and loses puck.
16:31 of 3rd period - Ryan Suter is hit by Radek Faksa and loses puck.
17:20 of 3rd period - Slapshot by Mattias Ekholm.
17:20 of 3rd period - Shot Misses the Net.
17:22 of 3rd period - Snap shot by Ryan Johansen.
17:22 of 3rd period - Deflect By Bryan Rust.
17:22 of 3rd period - Shot Misses the Net.
17:22 of 3rd period - Puck is out of play.
17:23 of 3rd period - Charles Hudon wins face-off versus Gabriel Vilardi in Philadelphia Flyers zone.
17:23 of 3rd period - Charles Hudon is hit by Tom Wilson.
17:49 of 3rd period - J.J. Moser is hit by Oliver Ekman-Larsson and loses puck.
18:15 of 3rd period - Off-side.
18:16 of 3rd period - Jean-Gabriel Pageau wins face-off versus Auston Matthews in neutral zone.
18:23 of 3rd period - Snap shot by Mitchell Marner.
18:23 of 3rd period - Stopped by Connor Ingram with a rebound.
18:25 of 3rd period - Slapshot by Jean-Gabriel Pageau.
18:25 of 3rd period - Shot Misses the Net.
19:18 of 3rd period - Minor Penalty to Lukas Sedlak for Slashing.
19:19 of 3rd period - Jean-Gabriel Pageau wins face-off versus Radek Faksa in Philadelphia Flyers zone.
Goals for this period are 0 for Philadelphia Flyers vs 2 for Pittsburgh Penguins.
Shots for this period are 4 for Philadelphia Flyers vs 13 for Pittsburgh Penguins.
Overtime #1
0:01 of 1st overtime period - Leon Draisaitl wins face-off versus Radek Faksa in neutral zone.
0:06 of 1st overtime period - Snap shot by Leon Draisaitl.
0:06 of 1st overtime period - Stopped by Connor Ingram with a rebound.
0:20 of 1st overtime period - Ben Chiarot is hit by Leon Draisaitl and loses puck.
0:27 of 1st overtime period - Ryan Suter is hit by Ben Chiarot and loses puck.
0:38 of 1st overtime period - Mitchell Marner is hit by Radek Faksa and loses puck.
1:03 of 1st overtime period - Slapshot by Leon Draisaitl.
1:03 of 1st overtime period - Stopped by Connor Ingram with a rebound.
1:05 of 1st overtime period - Slapshot by Mitchell Marner.
1:05 of 1st overtime period - Stopped by Connor Ingram with a rebound.
1:18 of 1st overtime period - Penalty to Lukas Sedlak is over, Lukas Sedlak is back on ice.
1:21 of 1st overtime period - Wrist shot by Mitchell Marner.
1:21 of 1st overtime period - Stopped by Connor Ingram with a rebound.
1:23 of 1st overtime period - Snap shot by Leon Draisaitl.
1:23 of 1st overtime period - Deflect By Mitchell Marner.
1:23 of 1st overtime period - Stopped by Connor Ingram without a rebound.
1:24 of 1st overtime period - Sam Reinhart wins face-off versus Elias Lindholm in Philadelphia Flyers zone.
1:39 of 1st overtime period - Slapshot by Sam Reinhart.
1:39 of 1st overtime period - Shot Blocked by Justin Faulk.
1:41 of 1st overtime period - Snap shot by Pavel Buchnevich.
1:41 of 1st overtime period - Shot Blocked by Justin Faulk.
1:59 of 1st overtime period - Snap shot by Auston Matthews.
1:59 of 1st overtime period - Shot Misses the Net.
2:11 of 1st overtime period - Justin Faulk is hit by Tom Wilson and loses puck.
2:16 of 1st overtime period - Snap shot by Gabriel Vilardi.
2:16 of 1st overtime period - Stopped by Connor Ingram with a rebound.
2:32 of 1st overtime period - Wrist shot by Matt Duchene.
2:32 of 1st overtime period - Shot Misses the Net.
2:34 of 1st overtime period - Slapshot by Ben Chiarot.
2:34 of 1st overtime period - Stopped by Marc-Andre Fleury without a rebound.
2:35 of 1st overtime period - Sam Reinhart wins face-off versus Elias Lindholm in Pittsburgh Penguins zone.
3:32 of 1st overtime period - Leon Draisaitl is hit by Max Pacioretty and loses puck.
4:01 of 1st overtime period - Brian Dumoulin is hit by Ben Chiarot and loses puck.
4:33 of 1st overtime period - Nick Blankenburg is hit by Phillip Danault and loses puck.
4:50 of 1st overtime period - Sam Reinhart is hit by Jack McBain and loses puck.
Goals for this period are 0 for Philadelphia Flyers vs 0 for Pittsburgh Penguins.
Shots for this period are 1 for Philadelphia Flyers vs 6 for Pittsburgh Penguins.
ShootOut
5:00 of 1st overtime period - Round #1.
5:00 of 1st overtime period - Philadelphia Flyers, Auston Matthews.
5:00 of 1st overtime period - Wrist shot by Auston Matthews.
5:00 of 1st overtime period - Stopped by Marc-Andre Fleury.
5:00 of 1st overtime period - Pittsburgh Penguins, Leon Draisaitl.
5:00 of 1st overtime period - Wrist shot by Leon Draisaitl.
5:00 of 1st overtime period - Stopped by Connor Ingram.
5:00 of 1st overtime period - Round #2.
5:00 of 1st overtime period - Philadelphia Flyers, Elias Lindholm.
5:00 of 1st overtime period - Wrist shot by Elias Lindholm.
5:00 of 1st overtime period - Stopped by Marc-Andre Fleury.
5:00 of 1st overtime period - Pittsburgh Penguins, Mitchell Marner.
5:00 of 1st overtime period - Deke by Mitchell Marner.
5:00 of 1st overtime period - Stopped by Connor Ingram.
5:00 of 1st overtime period - Round #3.
5:00 of 1st overtime period - Philadelphia Flyers, Bryan Rust.
5:00 of 1st overtime period - Backhand shot by Bryan Rust.
5:00 of 1st overtime period - Shot Misses the Net.
5:00 of 1st overtime period - Pittsburgh Penguins, Sam Reinhart.
5:00 of 1st overtime period - Wrist shot by Sam Reinhart.
5:00 of 1st overtime period - Goal by Sam Reinhart.
Back to the Top